AAA
MEMPHIS RAILCATS @ NEW YORK COMETS
06/29/2060
 
TOP OF THE 1ST
Memphis Railcats batting - Pitching for New York Comets : RHP Darrick Tlatelpa
Pitching: RHP Darrick Tlatelpa
Batting: RHB Deshazor Velasquez 0-0: Ball
1-0: Ball
2-0: Ball
3-0: Called Strike
3-1: Foul Ball, location: 2F
3-2: Fly out, F9 (Flyball, 89M, EV 77.5 MPH)
Batting: SHB Darren Lane 0-0: Called Strike
0-1: Ball
1-1: Called Strike
1-2: Strikes out swinging
Batting: RHB Joey Wilburn 0-0: SINGLE (Groundball, 5S, EV 70.0 MPH) (infield hit)
Batting: RHB Chandler Bowen 0-0: Called Strike
0-1: Called Strike
0-2: Ball
1-2: Strikes out looking
Top of the 1st over - 0 runs, 1 hit, 0 errors, 1 left on base; Memphis 0 - New York 0
BOTTOM OF THE 1ST
New York Comets batting - Pitching for Memphis Railcats : RHP Cooper Mazza
Pitching: RHP Cooper Mazza
Batting: SHB Drake Stock 0-0: Foul Ball, location: 2F
0-1: Fly out, F5 (Line Drive, 5L, EV 66.2 MPH)
Batting: RHB Brock Jackson 0-0: Called Strike
0-1: Ball
1-1: SINGLE (Line Drive, 8RS, EV 105.6 MPH)
Batting: LHB Robert Wenstrom 0-0: Swinging Strike
0-1: Swinging Strike
0-2: Foul Ball, location: 2F
0-2: Fly out, F6 (Popup, 6S, EV 69.4 MPH)
Batting: SHB Neal Constantinescu 0-0: Foul Ball, location: 2F
0-1: Ball
1-1: Ball
2-1: Called Strike
2-2: Strikes out looking
Bottom of the 1st over - 0 runs, 1 hit, 0 errors, 1 left on base; Memphis 0 - New York 0
TOP OF THE 2ND
Memphis Railcats batting - Pitching for New York Comets : RHP Darrick Tlatelpa
Batting: RHB Vinny Wetherington 0-0: Ground out 4-3 (Groundball, 4, EV 83.8 MPH)
Batting: LHB Noah Ermilio 0-0: Ball
1-0: Ball
2-0: Called Strike
2-1: Swinging Strike
2-2: Ball
3-2: Ground out 4-3 (Groundball, 4M, EV 96.9 MPH)
Batting: RHB Shane Campbell 0-0: Ball
1-0: Foul Ball, location: 2F
1-1: Ball
2-1: SOLO HOME RUN (Line Drive, 7LD, EV 95.6 MPH), Distance : 344 ft
Batting: RHB Ashby Ellis 0-0: Fly out, F9 (Flyball, 9S, EV 88.8 MPH)
Top of the 2nd over - 1 run, 1 hit, 0 errors, 0 left on base; Memphis 1 - New York 0
BOTTOM OF THE 2ND
New York Comets batting - Pitching for Memphis Railcats : RHP Cooper Mazza
Batting: RHB Mason Douglass 0-0: Called Strike
0-1: Foul Ball, location: 2F
0-2: Foul Ball, location: 2F
0-2: Ball
1-2: Fly out, F6 (Flyball, 6D, EV 84.4 MPH)
Batting: LHB Morgan Buga 0-0: Ground out 4-3 (Groundball, 34D, EV 99.4 MPH)
Batting: RHB Kip Clark 0-0: Foul Ball, location: 2F
0-1: Called Strike
0-2: Foul Ball, location: 2F
0-2: Ball
1-2: Ball
2-2: Ball
3-2: Ground out 1-3 (Groundball, 34S, EV 69.4 MPH)
Bottom of the 2nd over - 0 runs, 0 hits, 0 errors, 0 left on base; Memphis 1 - New York 0
TOP OF THE 3RD
Memphis Railcats batting - Pitching for New York Comets : RHP Darrick Tlatelpa
Batting: RHB Theodore Ross 0-0: Called Strike
0-1: Ball
1-1: SINGLE (Groundball, 56D, EV 105.6 MPH)
Batting: RHB Deshazor Velasquez 0-0: Fly out, F8 (Flyball, 8LD, EV 101.9 MPH)
Batting: SHB Darren Lane 0-0: Ball
1-0: Ball
2-0: Foul Ball, location: 2F
2-1: Called Strike
2-2: Foul Ball, location: 2F
2-2: Ball
3-2: Foul Ball, location: 2F
3-2: SINGLE (Groundball, 56D, EV 107.5 MPH)
Theodore Ross to second
Runner from 2nd tries for 3rd, SAFE, throw by LF made to third
Batting: RHB Joey Wilburn 0-0: Swinging Strike
0-1: Swinging Strike
0-2: Ball
1-2: Foul Ball, location: 2F
1-2: Fly out, F8 (Flyball, 78M, EV 71.9 MPH)
Batting: RHB Chandler Bowen 0-0: Called Strike
0-1: SINGLE (Groundball, 5S, EV 65.6 MPH) (infield hit)
Theodore Ross scores
Darren Lane to second
Batting: RHB Vinny Wetherington 0-0: Foul Ball, location: 2F
0-1: Ground out 5-3 (Groundball, 5S, EV 83.8 MPH)
Top of the 3rd over - 1 run, 3 hits, 0 errors, 2 left on base; Memphis 2 - New York 0
BOTTOM OF THE 3RD
New York Comets batting - Pitching for Memphis Railcats : RHP Cooper Mazza
Batting: RHB Rodell bin Rahman 0-0: Called Strike
0-1: Ball
1-1: Foul Ball, location: 2F
1-2: Strikes out swinging, 2-3 out at first.
Batting: LHB Abraham Kajosevic 0-0: Ball
1-0: Ground out U3 (Groundball, 13, EV 81.9 MPH)
Batting: SHB Drake Stock 0-0: Swinging Strike
0-1: Ball
1-1: Ball
2-1: Ball
3-1: Ground out 6-3 (Groundball, 6, EV 93.1 MPH)
Bottom of the 3rd over - 0 runs, 0 hits, 0 errors, 0 left on base; Memphis 2 - New York 0
TOP OF THE 4TH
Memphis Railcats batting - Pitching for New York Comets : RHP Darrick Tlatelpa
Batting: LHB Noah Ermilio 0-0: Ball
1-0: Ball
2-0: Called Strike
2-1: Swinging Strike
2-2: Strikes out swinging
Batting: RHB Shane Campbell 0-0: Swinging Strike
0-1: Fly out, F9 (Flyball, 9LM, EV 93.8 MPH)
Batting: RHB Ashby Ellis 0-0: Ground out 4-3 (Groundball, 4, EV 86.9 MPH)
Top of the 4th over - 0 runs, 0 hits, 0 errors, 0 left on base; Memphis 2 - New York 0
BOTTOM OF THE 4TH
New York Comets batting - Pitching for Memphis Railcats : RHP Cooper Mazza
Batting: RHB Brock Jackson 0-0: Ball
1-0: SINGLE (Flyball, 89S, EV 97.5 MPH)
Batting: LHB Robert Wenstrom 0-0: Ball
1-0: Ball
2-0: Ball
3-0: Called Strike
3-1: Base on Balls
Brock Jackson to second
Batting: SHB Neal Constantinescu 0-0: Foul Ball, location: 2F
0-1: Fly out, F9 (Line Drive, 9, EV 94.4 MPH)
Batting: RHB Mason Douglass 0-0: Called Strike
0-1: Swinging Strike
0-2: Strikes out swinging
Batting: LHB Morgan Buga 0-0: Ball
1-0: Ball
2-0: Called Strike
2-1: Ball
3-1: Called Strike
3-2: Base on Balls
Brock Jackson to third
Robert Wenstrom to second
Batting: RHB Kip Clark 0-0: Fly out, F7 (Flyball, 7LM, EV 96.9 MPH)
Bottom of the 4th over - 0 runs, 1 hit, 0 errors, 3 left on base; Memphis 2 - New York 0
TOP OF THE 5TH
Memphis Railcats batting - Pitching for New York Comets : RHP Darrick Tlatelpa
Batting: RHB Theodore Ross 0-0: Foul Ball, location: 2F
0-1: Foul Ball, location: 2F
0-2: Ball
1-2: Ball
2-2: Ground out 4-3 (Groundball, 13, EV 85.0 MPH)
Batting: RHB Deshazor Velasquez 0-0: Called Strike
0-1: Ball
1-1: Ball
2-1: Foul Ball, location: 2F
2-2: Strikes out swinging
Batting: SHB Darren Lane 0-0: Ball
1-0: Ground out U3 (Groundball, 34, EV 105.0 MPH)
Top of the 5th over - 0 runs, 0 hits, 0 errors, 0 left on base; Memphis 2 - New York 0
BOTTOM OF THE 5TH
New York Comets batting - Pitching for Memphis Railcats : RHP Cooper Mazza
Batting: RHB Rodell bin Rahman 0-0: Fly out, F7 (Flyball, 78M, EV 80.0 MPH)
Batting: LHB Abraham Kajosevic 0-0: Fly out, F8 (Line Drive, 8LD, EV 108.8 MPH)
Batting: SHB Drake Stock 0-0: SINGLE (Line Drive, 3D, EV 100.0 MPH)
Batting: RHB Brock Jackson 0-0: Foul Ball, location: 2F
0-1: Foul Ball, location: 2F
0-2: Foul Ball, location: 2F
0-2: SINGLE (Line Drive, 8LS, EV 99.4 MPH)
Drake Stock to second
Batting: LHB Robert Wenstrom 0-0: Ball
1-0: Called Strike
1-1: Swinging Strike
1-2: Strikes out looking
Bottom of the 5th over - 0 runs, 2 hits, 0 errors, 2 left on base; Memphis 2 - New York 0
TOP OF THE 6TH
Memphis Railcats batting - Pitching for New York Comets : RHP Darrick Tlatelpa
Batting: RHB Joey Wilburn 0-0: Ball
1-0: Fly out, F9 (Flyball, 9S, EV 87.5 MPH)
Batting: RHB Chandler Bowen 0-0: Called Strike
0-1: Ground out 6-3 (Groundball, 6, EV 81.2 MPH)
Batting: RHB Vinny Wetherington 0-0: Fly out, F5 (Popup, 56S, EV 69.4 MPH)
Top of the 6th over - 0 runs, 0 hits, 0 errors, 0 left on base; Memphis 2 - New York 0
BOTTOM OF THE 6TH
New York Comets batting - Pitching for Memphis Railcats : RHP Cooper Mazza
Batting: SHB Neal Constantinescu 0-0: Ball
1-0: Swinging Strike
1-1: Called Strike
1-2: Ball
2-2: Ball
3-2: Strikes out swinging
Batting: RHB Mason Douglass 0-0: Called Strike
0-1: Called Strike
0-2: DOUBLE (Line Drive, 78M, EV 88.8 MPH)
Batting: LHB Morgan Buga 0-0: Ball
1-0: Ball
2-0: Called Strike
2-1: Ball
3-1: Foul Ball, location: 2F
3-2: Base on Balls
Batting: RHB Kip Clark 0-0: Called Strike
0-1: Ball
1-1: Ball
2-1: Fielders Choice at 2nd, 3-6 (Groundball, 34, EV 98.8 MPH)
Mason Douglass to third
Batting: RHB Rodell bin Rahman 0-0: Fielders Choice at 2nd, 6-4 (Groundball, 6, EV 104.4 MPH)
Bottom of the 6th over - 0 runs, 1 hit, 0 errors, 2 left on base; Memphis 2 - New York 0
TOP OF THE 7TH
Memphis Railcats batting - Pitching for New York Comets : RHP Darrick Tlatelpa
Batting: LHB Noah Ermilio 0-0: Ball
1-0: Ball
2-0: SINGLE (Groundball, 34D, EV 101.9 MPH)
Batting: RHB Shane Campbell 0-0: Ball
1-0: Ball
2-0: Swinging Strike
2-1: Foul Ball, location: 2F
2-2: Strikes out swinging
Batting: RHB Ashby Ellis 0-0: Swinging Strike
0-1: Ball
1-1: Called Strike
1-2: SINGLE (Groundball, 34D, EV 108.1 MPH)
Noah Ermilio to second
Runner from 2nd tries for 3rd, SAFE, throw by RF made to third
Batting: RHB Theodore Ross 0-0: Ball
1-0: Ball
2-0: Ball
3-0: Called Strike
3-1: Swinging Strike
3-2: Grounds into double play, 6-4-3 (Groundball, 56, EV 101.2 MPH)
Top of the 7th over - 0 runs, 2 hits, 0 errors, 1 left on base; Memphis 2 - New York 0
BOTTOM OF THE 7TH
New York Comets batting - Pitching for Memphis Railcats : RHP Cooper Mazza
Pitching: RHP Lonnie Mortensen
Batting: LHB Abraham Kajosevic 0-0: Ball
1-0: Ball
2-0: Ground out 5-3 (Groundball, 56, EV 104.4 MPH)
Batting: SHB Drake Stock 0-0: Fly out, F4 (Line Drive, 34, EV 69.4 MPH)
Batting: RHB Brock Jackson 0-0: Called Strike
0-1: Fly out, F7 (Flyball, 78D, EV 85.6 MPH)
Bottom of the 7th over - 0 runs, 0 hits, 0 errors, 0 left on base; Memphis 2 - New York 0
TOP OF THE 8TH
Memphis Railcats batting - Pitching for New York Comets : RHP Darrick Tlatelpa
Batting: RHB Deshazor Velasquez 0-0: Swinging Strike
0-1: Fly out, F7 (Flyball, 7, EV 89.4 MPH)
Batting: SHB Darren Lane 0-0: SINGLE (Groundball, 6MD, EV 106.9 MPH)
Batting: RHB Joey Wilburn 0-0: SINGLE (Line Drive, 6MD, EV 95.6 MPH)
Darren Lane to second
Pitching: RHP DeVontae Buenteo
Batting: RHB Chandler Bowen 0-0: Ball
1-0: Ball
2-0: Fly out, F8 (Flyball, 8LM, EV 86.2 MPH)
Batting: RHB Vinny Wetherington 0-0: Swinging Strike
0-1: Ball
1-1: Ball
2-1: Foul Ball, location: 2F
2-2: Foul Ball, location: 2F
2-2: Ball
3-2: Ground out 1-3 (Groundball, 15S, EV 63.8 MPH)
Top of the 8th over - 0 runs, 2 hits, 0 errors, 2 left on base; Memphis 2 - New York 0
BOTTOM OF THE 8TH
New York Comets batting - Pitching for Memphis Railcats : RHP Lonnie Mortensen
Now in LF: Shane Campbell
Now in CF: Garry Akoniia
Batting: LHB Robert Wenstrom 0-0: Foul Ball, location: 2F
0-1: Foul Ball, location: 2F
0-2: Ball
1-2: Foul Ball, location: 2F
1-2: Strikes out swinging
Batting: SHB Neal Constantinescu 0-0: Ball
1-0: Called Strike
1-1: Foul Ball, location: 2F
1-2: DOUBLE (Flyball, 8RXD, EV 91.9 MPH)
Batting: RHB Mason Douglass 0-0: Ball
1-0: Ball
2-0: Called Strike
2-1: Ball
3-1: Fly out, F7 (Line Drive, 7, EV 90.6 MPH)
Batting: LHB Morgan Buga 0-0: Ground out 4-3 (Groundball, 34D, EV 82.5 MPH)
Bottom of the 8th over - 0 runs, 1 hit, 0 errors, 1 left on base; Memphis 2 - New York 0
TOP OF THE 9TH
Memphis Railcats batting - Pitching for New York Comets : RHP DeVontae Buenteo
Pitching: LHP Reuben Yoshida
Batting: RHB James Hills 0-0: Fly out, F7 (Flyball, 78M, EV 88.1 MPH)
Batting: RHB Shane Campbell 0-0: Called Strike
0-1: Foul Ball, location: 2F
0-2: Foul Ball, location: 2F
0-2: Strikes out swinging
Batting: RHB Ashby Ellis 0-0: Ball
1-0: Ball
2-0: Called Strike
2-1: Foul Ball, location: 2F
2-2: Ball
3-2: Strikes out looking
Top of the 9th over - 0 runs, 0 hits, 0 errors, 0 left on base; Memphis 2 - New York 0
BOTTOM OF THE 9TH
New York Comets batting - Pitching for Memphis Railcats : RHP Lonnie Mortensen
Batting: RHB Kip Clark 0-0: Swinging Strike
0-1: Swinging Strike
0-2: Ball
1-2: Strikes out swinging
Pinch Hitting: LHB Dalton Pappalardo 0-0: Called Strike
0-1: Ball
1-1: Ball
2-1: Ball
3-1: SINGLE (Line Drive, 6MD, EV 98.8 MPH)
Pitching: RHP Garrick Tso
Batting: LHB Abraham Kajosevic 0-0: Grounds into double play, 6-4-3 (Groundball, 6, EV 80.6 MPH)
Bottom of the 9th over - 0 runs, 1 hit, 0 errors, 0 left on base; Memphis 2 - New York 0
Monday, May 13th , 2024 - OOTP Baseball 23.10 Build 110